Map: Scoria Reactor

Players

Fermi

  • Race: Terran Terran
  • League: Gold
  • Spawn Location: 5:00

DaemonHell

  • Race: Zerg Zerg
  • Spawn Location: 6:00

chocsam

  • Race: Terran Terran
  • League: Diamond
  • Spawn Location: 6:00

sonicsurfer

  • Race: Zerg Zerg
  • Spawn Location: 3:00

Korax - Winner!

  • Race: Zerg Zerg
  • League: Platinum
  • Spawn Location: 9:00

Danket - Winner!

  • Race: Zerg Zerg
  • League: Platinum
  • Spawn Location: 12:00

Brevko - Winner!

  • Race: Terran Terran
  • Spawn Location: 12:00

Sigi - Winner!

  • Race: Protoss Protoss
  • Spawn Location: 11:00

VOD

Have the link to the VOD?

Description

Time

  • Played on: Feb. 22, 2016, 1:26 p.m.
  • Length: 23:23
Show
View Real Time Build Order
Export as new Build Order

Fermi Terran 

Build Orders: 1/1/1, MMM Bio, Banshee Rush 

Get SALT Encoding   

  12  0:01  SCV  
  13  0:13  SCV  
  14  0:23  Supply Depot  
  14  0:25  SCV  
  15  0:34  Refinery  
  15  0:45  SCV  
  16  0:51  Barracks  
  16  0:53  Refinery  
  16  0:57  SCV  
  17  1:09  SCV  
  18  1:21  SCV  
  19  1:42  Reaper, Factory  
  20  1:47  Orbital Command  
  20  1:56  Supply Depot  
  20  2:13  SCV  
  20  2:14  Reaper  
  22  2:27  Hellion, Starport  
  24  2:30  SCV  
  25  2:42  SCV  
  25  2:43  Supply Depot  
  26  2:48  Barracks Tech Lab  
  26  2:54  SCV  
  27  3:05  Supply Depot  
  27  3:06  SCV  
  28  3:18  Cloaking Field  
  28  3:19  Banshee  
  31  3:20  Barracks Tech Lab  
  31  3:22  SCV  
  32  3:45  Factory Tech Lab  
  32  3:50  Stimpack  
  32  4:01  Command Center  
  30  4:39  Banshee  
  31  4:54  SCV  
  31  4:58  Supply Depot  
  32  5:22  Banshee  
  35  6:04  Banshee  
  35  6:53  Siege Tank  
  38  6:56  Marine  
  39  7:07  Barracks  
  39  7:08  Barracks  
  39  7:14  Marine  
  40  7:18  SCV  
  41  7:26  Supply Depot  
  41  7:30  SCV  
  41  7:34  Engineering Bay  
  42  7:38  Engineering Bay  
  42  7:39  Marine  
  42  7:40  Siege Tank  
  46  7:47  Armory  
  46  7:52  Combat Shields  
  46  7:56  Marine  
  46  7:57  Barracks Reactor x2  
  47  8:06  Barracks  
  47  8:08  Barracks  
  47  8:13  Terran Infantry Weapons Level 1, Terran Infantry Armor Level 1  
  47  8:18  Planetary Fortress  
  47  8:27  Missile Turret  
  47  8:43  Siege Tank  
  47  8:45  Marine x5  
  47  8:48  Refinery  
  55  8:49  Refinery  
  55  8:55  Barracks x2  
  55  8:57  SCV x2  
  57  9:09  SCV x2  
  59  9:10  Barracks Reactor x2  
  59  9:11  Marine x2  
  59  9:12  Marine x3  
  64  9:21  SCV x2  
  66  9:29  Marine x3  
  66  9:30  Marine  
  70  9:33  SCV x2  
  70  9:35  Supply Depot  
  72  9:39  Supply Depot  
  70  9:46  Barracks  
  59  9:54  Marine x7  
  59  9:55  Marine x4  
  62  10:08  Terran Infantry Weapons Level 2  
  62  10:09  Terran Infantry Armor Level 2  
  62  10:12  Marine x11  
  73  10:20  Starport Reactor  
  73  10:28  Factory  
  73  10:29  Marine  
  73  10:30  Marine x10, Supply Depot  
  84  10:47  Marine  
  29  12:02  Marine x6  
  29  12:03  Marine x5  
  39  12:20  Marine x2  
  45  12:28  Medivac  
  47  12:34  Widow Mine  
  45  12:38  Medivac  
  47  13:13  Medivac  
  49  13:42  Orbital Command  
  49  14:44  Marine  
  49  14:45  Marine x10  
  60  14:48  Terran Infantry Weapons Level 3  
  60  15:02  Marine x3  
  60  15:03  Marine x5  
  60  15:05  Terran Infantry Armor Level 3  
Show
View Real Time Build Order
Export as new Build Order

DaemonHell Zerg 

Build Orders: Hatch First, Swarm Host 

Get SALT Encoding   

  12  0:01  Drone  
  13  0:12  Drone  
  14  0:42  Hatchery  
  14  0:43  Drone  
  14  0:47  Overlord  
  14  1:05  Spawning Pool  
  14  1:06  Drone  
  14  1:10  Drone  
  15  1:16  Extractor  
  15  1:17  Drone  
  15  1:24  Drone  
  16  1:30  Drone  
  17  1:43  Drone  
  18  1:54  Queen  
  18  1:55  Queen  
  18  1:57  Drone  
  18  1:59  Drone  
  24  2:08  Drone x2  
  26  2:14  Overlord  
  26  2:21  Metabolic Boost  
  26  2:31  Zergling x4  
  26  2:35  Zergling x4  
  30  2:41  Zergling x2  
  31  2:49  Zergling x4  
  33  2:55  Zergling x2  
  34  2:59  Overlord  
  34  3:11  Zergling x4  
  36  3:13  Overlord  
  36  3:14  Overlord  
  36  3:20  Zergling x8  
  40  3:39  Zergling x2  
  40  3:40  Zergling x6  
  44  3:52  Zergling x4  
  43  4:10  Zergling x14  
  48  4:25  Zergling x6  
  48  4:30  Overlord  
  51  4:35  Lair  
  52  4:38  Drone  
  52  4:41  Extractor  
  51  4:49  Drone  
  51  4:50  Drone x2  
  51  4:51  Extractor  
  53  4:59  Extractor  
  52  5:04  Overlord x2  
  27  5:59  Drone x2  
  27  6:00  Drone  
  27  6:03  Drone x3  
  33  6:04  Drone x3  
  36  6:22  Infestation Pit  
  35  6:27  Drone x2  
  35  6:28  Drone x6, Hatchery  
  42  7:00  Swarm Host  
  42  7:01  Swarm Host x5  
  45  7:07  Overseer  
  60  7:18  Evolution Chamber  
  60  7:21  Evolution Chamber  
  58  7:29  Drone x6  
  64  7:41  Burrow  
  64  7:44  Overseer  
  64  7:51  Zerg Missile Weapons Level 1  
  64  7:53  Zerg Ground Armor Level 1  
  64  7:57  Drone x3  
  67  8:01  Drone x2  
  67  8:04  Extractor  
  68  8:15  Extractor  
  68  8:17  Drone x3  
  68  8:18  Drone x3  
  73  8:20  Overlord  
  73  8:21  Overlord  
  73  8:22  Queen  
  75  8:30  Swarm Host  
  75  8:31  Swarm Host x3  
  87  8:45  Swarm Host x2  
  93  8:53  Hive  
  93  9:11  Swarm Host x3  
  102  9:45  Overlord x2  
  102  9:46  Overlord x3  
  102  9:48  Zerg Missile Weapons Level 2  
  102  9:49  Zerg Ground Armor Level 2  
  102  10:14  Swarm Host x5  
  102  10:15  Swarm Host x2  
  123  10:23  Overlord x3  
  123  10:42  Overlord  
  123  10:43  Overlord x3  
  119  11:33  Zergling x2  
  119  11:34  Zergling x16  
  115  12:06  Zerg Missile Weapons Level 3  
  115  12:08  Zerg Ground Armor Level 3  
  112  12:13  Evolution Chamber  
  108  12:43  Hydralisk Den  
  107  13:12  Hydralisk x4  
  113  13:13  Hydralisk x11  
  137  13:22  Overlord x2, Hatchery  
  137  13:23  Overlord  
  136  13:45  Hydralisk x4  
  144  14:14  Hydralisk x7  
  144  14:15  Hydralisk  
  160  14:25  Hydralisk x2  
  164  14:45  Drone  
  165  14:51  Hydralisk x4  
  165  14:52  Hydralisk  
  175  14:56  Hydralisk x29  
  152  16:15  Hydralisk x8  
  129  19:03  Hatchery  
  123  20:13  Hatchery  
  117  21:37  Hatchery  
Show
View Real Time Build Order
Export as new Build Order

chocsam Terran 

Build Orders: Command Center First (CC), MMM Bio 

Get SALT Encoding   

  12  0:41  SCV  
  13  0:53  SCV  
  13  0:55  Supply Depot  
  14  1:03  Refinery  
  14  1:05  SCV  
  14  1:10  Refinery  
  15  1:17  SCV  
  16  1:35  Command Center  
  16  1:48  Barracks  
  16  1:49  SCV  
  17  2:01  SCV  
  18  2:02  Supply Depot  
  18  2:17  Barracks  
  18  2:23  SCV  
  19  2:35  Orbital Command  
  19  2:49  Factory  
  19  2:57  Orbital Command  
  19  3:00  Barracks Tech Lab  
  19  3:06  Barracks Reactor  
  19  3:08  SCV  
  20  3:18  Stimpack  
  20  3:28  Marine  
  20  3:33  Factory Reactor  
  21  3:34  SCV x2, Starport  
  23  3:45  Marine, Engineering Bay  
  23  3:46  Marine, SCV x2  
  23  3:47  Marine  
  28  3:58  SCV x2  
  30  4:03  Marine, Barracks  
  30  4:04  Marine  
  32  4:19  Missile Turret  
  32  4:20  Factory Tech Lab  
  32  4:23  Terran Infantry Weapons Level 1, Missile Turret, Refinery  
  32  4:29  Barracks  
  32  4:31  Medivac x2  
  32  4:37  Marine  
  37  4:40  SCV  
  37  4:41  SCV  
  39  4:49  Marauder  
  39  4:50  Barracks Tech Lab  
  39  4:52  SCV  
  42  4:53  SCV  
  42  4:58  Supply Depot  
  43  5:01  Supply Depot  
  43  5:03  Marine  
  43  5:04  SCV  
  43  5:05  SCV  
  46  5:16  Supply Depot  
  46  5:19  Combat Shields  
  46  5:20  SCV x2  
  46  5:21  Barracks Reactor, Missile Turret  
  48  5:23  Concussive Shells  
  48  5:26  Marauder  
  50  5:29  Medivac  
  50  5:32  SCV x2, Liberator  
  54  5:36  Marine, Refinery  
  54  5:39  Marauder  
  54  5:42  Liberator  
  57  5:44  SCV  
  57  5:48  SCV  
  59  5:50  Marine x2  
  59  5:54  Marine  
  65  6:02  Supply Depot  
  65  6:03  Supply Depot  
  68  6:09  Armory  
  68  6:13  Supply Depot  
  68  6:17  Supply Depot  
  68  6:18  Marine x2  
  70  6:23  Marine, Marauder  
  73  6:26  Marauder  
  73  6:32  Medivac  
  75  6:39  Marine  
  77  6:42  Medivac  
  77  6:45  Marauder  
  82  6:47  Marauder  
  82  6:51  Marine x3  
  87  6:58  Marine  
  88  7:02  Medivac  
  88  7:06  Marauder  
  88  7:07  Terran Infantry Weapons Level 2  
  92  7:09  Marauder  
  92  7:13  Supply Depot  
  94  7:16  Supply Depot  
  94  7:20  Supply Depot  
  94  7:22  Marine x4  
  96  7:28  Marauder  
  100  7:30  Marauder  
  102  7:45  Supply Depot  
  102  7:49  Marauder  
  98  7:52  Marine x3  
  103  7:59  SCV x2  
  103  8:00  Command Center  
  105  8:07  Engineering Bay  
  105  8:11  Marine x5, SCV  
  105  8:12  SCV  
  112  8:17  Barracks  
  110  8:21  Barracks  
  110  8:24  SCV x2  
  112  8:32  Marauder  
  112  8:33  Marine, Marauder  
  115  8:36  SCV x2  
  115  8:38  Marine  
  115  8:39  Marine  
  119  8:45  Siege Tank  
  119  8:48  SCV  
  123  8:53  Terran Infantry Armor Level 1  
  123  8:54  Marauder x2, Supply Depot  
  116  9:15  Marauder x2  
  81  9:17  Marine x3  
  81  9:21  Marine x2  
  81  9:22  Marine  
  66  9:27  Medivac  
  62  9:35  Marine, Terran Infantry Weapons Level 3  
  62  9:36  Marine  
  62  9:37  Marauder  
  52  9:47  Marine x2, Medivac  
  52  9:48  Marine  
  52  9:52  Marine x2  
  53  9:57  Marine x2  
  57  10:04  Marine  
  57  10:05  Marine x2  
  60  10:10  SCV  
  60  10:11  SCV  
  62  10:19  Planetary Fortress  
  62  10:23  SCV  
  62  10:27  Marauder  
  65  10:29  Barracks Reactor  
  65  10:31  Barracks Tech Lab  
  65  10:35  Reaper  
  66  10:36  Reaper  
  66  10:38  Marine  
  68  10:43  Refinery  
  68  10:45  SCV  
  68  10:46  SCV  
  70  10:55  Marine x2, Marauder x2  
  76  10:59  Marine  
  77  11:07  Marine  
  77  11:08  Marine  
  77  11:09  Marine x2  
  71  11:12  Marine  
  71  11:13  Marine  
  71  11:15  Marine, SCV x2  
  71  11:16  Marine  
  71  11:17  Marine  
  78  11:21  Refinery  
  78  11:24  Marine  
  79  11:26  Marine x2  
  79  11:27  Marine  
  79  11:30  Marine  
  83  11:32  Missile Turret  
  83  11:36  Missile Turret  
  83  11:41  Terran Infantry Armor Level 2  
  83  11:44  Supply Depot  
  83  11:46  Missile Turret  
  83  11:47  Marauder  
  83  11:48  Marine, Marauder  
  83  11:51  Marine  
  89  11:59  Marine x3  
  89  12:00  Marine x2  
  93  12:06  Marine  
  92  12:11  Medivac x2  
  92  12:14  Marine  
  92  12:15  Marine  
  87  12:16  Marine  
  87  12:18  Marine  
  87  12:19  Marine  
  90  12:41  Medivac x2  
  90  12:42  Marine x2  
  90  12:43  Marine x6  
  100  12:44  Marine  
  72  13:00  Marine x3  
  72  13:01  Marine x5  
  79  13:11  Medivac x2  
  82  13:13  Command Center  
  82  13:23  Marine x4  
  82  13:24  Marine x4  
  89  13:30  Liberator  
  89  13:33  Hi-Sec Auto Tracking  
  89  13:36  Marine  
  89  13:41  Marine x3  
  90  13:45  Terran Ship Weapons Level 1  
  96  14:01  Terran Infantry Armor Level 3  
  94  14:03  Marine  
  94  14:04  Marine x2, Marauder x3  
  94  14:05  Marine  
  104  14:12  Marine x2  
  106  14:21  Marine x2  
  106  14:22  Marine  
  109  14:35  Marine  
  109  14:36  Marine x5  
  115  14:39  Marine x3  
  118  14:53  Marine x3  
  118  14:54  Marine x3  
  118  14:57  Marine  
  125  15:00  Medivac  
  125  15:06  Marine x2  
  129  15:11  Marine  
  130  15:15  Refinery  
  130  15:17  Planetary Fortress  
  130  15:26  Marine x6  
  136  15:37  Marine, Marauder x2  
  141  15:43  Marine  
  141  15:45  Marauder  
  141  15:48  Refinery  
  144  15:52  Medivac x2  
  148  15:57  Orbital Command  
  143  16:04  Marine  
  143  16:05  Marine x3  
  115  16:12  Marine x3  
  115  16:13  Marine x2  
  109  16:22  Marine x3  
  109  16:24  Marine  
  90  16:30  Marine x3  
  90  16:31  Marine x2  
  68  16:39  SCV x2  
  70  16:40  SCV  
  70  16:46  Marine  
  70  16:47  Marine  
  68  16:48  Marine x2  
  68  16:54  Marine x3  
  51  17:13  Barracks  
  38  17:25  Barracks  
  37  17:30  Factory  
  37  17:31  SCV, Barracks  
  37  17:32  Barracks  
  37  17:43  SCV  
  37  17:55  SCV  
  38  17:58  Missile Turret  
  38  18:02  Missile Turret  
  38  18:04  Missile Turret  
  38  18:06  Missile Turret  
  38  18:07  Missile Turret x2  
  38  18:08  SCV  
  38  18:11  Missile Turret  
  38  18:12  Barracks Reactor, Missile Turret  
  40  18:16  Starport, Barracks Tech Lab  
  40  18:18  SCV  
  40  18:20  SCV  
  41  18:29  Marine  
  41  18:30  SCV  
  41  18:31  Barracks Reactor  
  41  18:32  SCV  
  41  18:33  Marine  
  45  18:36  Barracks Reactor  
  45  18:42  SCV  
  45  18:44  SCV  
  45  18:47  Marine, Bunker, Factory Tech Lab  
  44  18:49  Marine x2  
  44  18:50  Bunker  
  44  18:51  Marine  
  44  18:54  SCV  
  48  18:56  SCV  
  45  19:05  Marine  
  45  19:07  Marine x2  
  45  19:09  Marine  
  38  19:10  Marine x2  
  27  19:22  Marine  
  26  19:24  Medivac  
  26  19:25  Marine  
  26  19:27  Marine x2  
  31  19:40  Marine  
  29  19:45  Marine  
  15  20:01  Marine  
Show
View Real Time Build Order
Export as new Build Order

sonicsurfer Zerg 

Build Orders: Hatch First, Lurkers 

Get SALT Encoding   

  12  0:02  Drone  
  13  0:09  Drone  
  14  0:22  Overlord  
  14  0:42  Drone  
  15  0:44  Drone  
  16  0:54  Hatchery  
  15  1:00  Drone x2  
  17  1:16  Spawning Pool  
  16  1:20  Extractor  
  16  1:21  Drone  
  16  1:22  Drone  
  18  1:32  Drone  
  18  1:43  Drone  
  19  1:48  Overlord  
  19  2:04  Queen  
  19  2:07  Drone  
  22  2:21  Spore Crawler  
  21  2:27  Drone x2  
  23  2:31  Extractor  
  23  2:35  Spine Crawler  
  21  2:39  Queen  
  21  2:40  Drone x3  
  26  2:53  Drone x3  
  29  3:14  Lair  
  29  3:26  Evolution Chamber  
  28  3:28  Drone x2  
  28  3:29  Drone  
  28  3:31  Evolution Chamber  
  28  3:34  Spore Crawler  
  29  3:39  Spine Crawler  
  28  3:43  Drone x4  
  28  3:44  Drone x2  
  34  4:01  Zerg Missile Weapons Level 1  
  34  4:02  Zerg Ground Armor Level 1  
  34  4:07  Drone x2  
  36  4:15  Overlord x2  
  36  4:38  Hydralisk Den  
  35  4:39  Drone  
  35  4:40  Drone  
  35  4:45  Spore Crawler  
  36  4:49  Drone x4  
  36  4:50  Drone x2  
  42  5:00  Extractor  
  42  5:04  Extractor  
  42  5:05  Spine Crawler  
  39  5:09  Drone x2  
  39  5:10  Drone x5  
  46  5:17  Overlord  
  46  5:19  Overlord  
  46  5:20  Overlord x2  
  46  5:24  Lurker Den  
  46  5:59  Drone x2  
  48  6:07  Hydralisk x2  
  48  6:08  Hydralisk x6  
  48  6:09  Hydralisk  
  66  6:13  Zerg Missile Weapons Level 2  
  66  6:38  Zerg Ground Armor Level 2  
  66  6:45  Infestation Pit  
  65  6:50  Hydralisk x4  
  73  7:37  Hive  
  73  7:39  Lurker x2  
  73  7:40  Lurker  
  76  8:09  Muscular Augments  
  76  8:12  Hydralisk x2  
  76  8:13  Hydralisk x2  
  76  8:17  Metabolic Boost  
  84  8:30  Hatchery  
  83  8:51  Zerg Missile Weapons Level 3  
  83  9:11  Zerg Ground Armor Level 3  
  74  9:37  Hydralisk x4  
  74  9:38  Hydralisk x3  
  60  9:40  Zergling x4  
  60  9:41  Zergling x12  
  60  9:42  Zergling x4  
  70  9:46  Zergling x4  
  70  9:47  Zergling x12  
  70  9:48  Zergling x8  
  70  9:50  Overlord x4  
  70  9:51  Overlord  
  82  10:33  Queen  
  82  10:34  Drone x2  
  82  10:35  Drone  
  86  11:09  Lurker x5  
  86  11:10  Lurker x2  
  51  11:49  Hydralisk x5  
  51  11:50  Hydralisk x5  
  51  11:51  Hydralisk  
  72  12:28  Hydralisk x5  
  72  12:29  Hydralisk x4  
  90  12:43  Extractor  
  89  12:45  Extractor  
  89  12:48  Drone x3  
  91  12:59  Hydralisk  
  91  13:00  Hydralisk x6  
  105  13:43  Lurker  
  105  13:48  Overlord x4  
  102  14:46  Hydralisk x6  
  102  14:47  Hydralisk x5  
  124  15:14  Lurker  
  124  15:15  Lurker x3  
  127  16:10  Hydralisk  
  127  16:11  Hydralisk x5  
  129  17:26  Hatchery  
  128  17:38  Spawning Pool  
  109  18:17  Hatchery  
  57  21:22  Extractor  
  54  22:30  Overlord x4  
Show
View Real Time Build Order
Export as new Build Order

Korax Zerg - Winner!

Build Orders: Pool First 

Get SALT Encoding   

  12  0:01  Drone  
  13  0:09  Drone  
  14  0:17  Overlord  
  14  0:35  Drone x3  
  17  0:40  Extractor  
  16  0:46  Drone  
  17  0:57  Drone, Spawning Pool  
  17  1:08  Drone  
  18  1:18  Drone  
  19  1:30  Drone  
  20  1:39  Overlord  
  20  1:48  Queen  
  20  1:50  Hatchery  
  20  1:51  Drone  
  22  1:57  Metabolic Boost  
  22  2:01  Zergling x2  
  23  2:12  Zergling x2  
  25  2:22  Zergling x2  
  25  2:33  Zergling x2  
  26  2:45  Drone  
  26  2:50  Extractor  
  26  2:55  Drone  
  26  2:57  Drone  
  26  2:58  Drone  
  29  3:00  Overlord  
  29  3:03  Drone  
  29  3:04  Queen  
  32  3:16  Zergling x2  
  32  3:25  Spine Crawler  
  32  3:26  Zergling x2  
  32  3:30  Drone x2  
  34  3:34  Spine Crawler  
  34  3:36  Drone  
  34  3:38  Zergling x2  
  35  3:54  Zergling x4  
  32  4:27  Drone x3  
  32  4:28  Queen  
  32  4:29  Zergling x4  
  32  4:30  Zergling x4  
  41  4:32  Lair  
  41  4:39  Drone  
  42  4:45  Spine Crawler  
  42  4:48  Drone x2  
  42  4:49  Overlord x2  
  42  4:50  Spine Crawler  
  42  5:05  Drone  
  42  5:25  Spore Crawler  
  38  5:35  Queen  
  36  5:36  Drone x3  
  40  5:43  Drone x3  
  40  5:45  Zergling x4  
  40  5:46  Zergling x10  
  40  5:47  Zergling x2  
  50  6:04  Drone x2  
  47  6:19  Drone  
  47  6:23  Drone x4  
  52  6:35  Spire  
  52  6:36  Drone x2  
  53  6:41  Drone x2  
  55  7:02  Drone x4  
  55  7:04  Drone  
  60  7:11  Extractor, Drone  
  60  7:12  Extractor, Drone  
  60  7:25  Overlord x2  
  58  7:46  Spore Crawler  
  58  7:48  Drone x2  
  59  7:57  Mutalisk x7  
  59  7:58  Mutalisk  
  75  8:00  Zerg Flyer Weapons Level 1  
  75  8:06  Drone  
  75  8:07  Overlord x3  
  75  8:10  Overseer  
  75  8:11  Overseer  
  76  8:20  Overlord  
  76  8:28  Drone x4  
  80  8:42  Mutalisk x5  
  80  8:46  Mutalisk x2  
  94  9:08  Hatchery  
  52  9:39  Mutalisk x7  
  60  9:56  Zergling x4  
  60  9:57  Zergling x16  
  68  10:08  Mutalisk x3  
  68  10:09  Mutalisk  
  68  10:11  Drone  
  77  10:22  Zerg Flyer Weapons Level 2  
  77  10:29  Drone x2  
  77  10:30  Drone  
  77  10:34  Spine Crawler  
  77  10:35  Drone x2  
  81  10:38  Drone  
  81  10:41  Queen  
  81  10:42  Drone x2  
  68  11:15  Mutalisk x4  
  68  11:18  Zergling x8  
  80  11:20  Drone x3  
  83  11:29  Extractor  
  83  11:30  Extractor  
  83  11:32  Mutalisk x2  
  81  11:33  Mutalisk  
  81  11:36  Zergling x8  
  91  11:48  Zergling x6  
  91  11:49  Zergling x4  
  96  11:58  Drone x3  
  96  11:59  Drone x2  
  90  12:02  Mutalisk  
  59  12:24  Mutalisk x3  
  59  12:25  Mutalisk x3  
  53  13:01  Drone x2  
  53  13:02  Drone x3  
  53  13:05  Extractor  
  57  13:09  Queen  
  59  14:23  Mutalisk x3  
  65  14:27  Mutalisk x4  
  65  14:28  Mutalisk  
  75  14:39  Hatchery  
Show
View Real Time Build Order
Export as new Build Order

Danket Zerg - Winner!

Build Orders: Pool First 

Get SALT Encoding   

  12  0:01  Drone  
  13  0:10  Drone  
  14  0:21  Overlord  
  14  0:39  Drone x2  
  14  0:40  Drone  
  17  0:47  Spawning Pool  
  16  0:51  Drone  
  17  1:13  Hatchery  
  17  1:16  Drone  
  17  1:20  Extractor  
  17  1:21  Drone  
  17  1:28  Drone  
  18  1:36  Overlord  
  18  1:42  Queen  
  20  1:49  Drone  
  21  1:57  Drone  
  22  2:07  Drone  
  23  2:12  Roach Warren  
  22  2:17  Drone  
  22  2:20  Queen  
  25  2:27  Lair  
  25  2:30  Drone  
  25  2:34  Drone  
  27  2:38  Drone  
  27  2:41  Drone  
  29  2:49  Drone  
  29  2:50  Drone  
  31  2:58  Drone x3  
  32  2:59  Drone  
  35  3:08  Overlord  
  35  3:13  Overlord  
  35  3:20  Spine Crawler  
  35  3:21  Roach  
  35  3:22  Overlord  
  36  3:30  Roach x2  
  36  3:31  Roach  
  36  3:32  Roach  
  44  3:40  Drone x2  
  46  3:46  Extractor  
  45  3:48  Extractor  
  45  3:50  Extractor, Roach  
  45  3:52  Roach  
  49  3:55  Roach  
  49  4:05  Roach  
  49  4:12  Roach, Spine Crawler  
  50  4:26  Overlord x2  
  50  4:32  Roach x2  
  50  4:35  Drone x3  
  57  4:40  Drone x2, Hatchery  
  58  4:57  Drone x6  
  58  4:58  Drone x2  
  66  5:03  Hydralisk Den  
  66  5:06  Drone  
  66  5:10  Spore Crawler  
  65  5:15  Roach  
  65  5:18  Spore Crawler  
  65  5:21  Roach  
  68  5:27  Roach  
  72  5:28  Roach  
  72  5:32  Roach  
  74  5:38  Roach  
  76  5:47  Overlord x2  
  76  5:51  Drone, Evolution Chamber  
  76  5:52  Evolution Chamber  
  75  6:00  Queen  
  75  6:02  Overseer  
  77  6:05  Drone x2  
  77  6:06  Drone  
  77  6:08  Drone  
  81  6:20  Zerg Missile Weapons Level 1, Zerg Ground Armor Level 1  
  81  6:24  Hydralisk  
  83  6:33  Hydralisk x2  
  83  6:34  Hydralisk  
  89  6:44  Hydralisk x2  
  93  6:50  Overlord x2  
  93  7:03  Hatchery  
  93  7:07  Hydralisk  
  94  7:09  Hydralisk  
  96  7:16  Spore Crawler  
  96  7:17  Spore Crawler  
  94  7:31  Muscular Augments  
  94  7:33  Hydralisk  
  94  7:34  Hydralisk x2  
  100  7:41  Overlord x2  
  100  7:49  Hydralisk x2  
  104  7:59  Hydralisk x2  
  108  8:12  Drone x7  
  115  8:17  Roach  
  117  8:20  Hydralisk  
  119  8:28  Drone x2  
  119  8:29  Drone, Hydralisk  
  124  8:40  Drone x4  
  124  8:41  Drone  
  129  8:44  Spore Crawler  
  129  8:47  Drone  
  129  8:48  Drone x2  
  131  8:54  Zerg Missile Weapons Level 2  
  131  8:58  Hydralisk  
  131  8:59  Hydralisk  
  135  9:09  Roach x2  
  123  9:12  Roach x3  
  121  9:18  Roach  
  121  9:19  Roach x3  
  121  9:21  Roach  
  121  9:22  Roach  
  121  9:23  Roach  
  127  9:28  Roach x2  
  135  9:31  Roach x2  
  135  9:32  Roach  
  135  9:36  Roach x2  
  131  9:43  Roach  
  131  9:44  Roach x3  
  129  9:54  Roach x3  
  129  9:55  Roach  
  129  9:58  Roach x2  
  135  10:04  Overlord x3  
  135  10:12  Extractor  
  135  10:13  Extractor  
  133  10:15  Spore Crawler, Spine Crawler  
  131  10:23  Roach x5  
  131  10:24  Roach  
  131  10:28  Hatchery  
  142  10:31  Roach x4  
  150  10:39  Roach  
  150  10:40  Roach x3  
  158  10:48  Roach x2  
  160  10:54  Roach  
  160  11:03  Overlord x4  
  160  11:11  Infestation Pit  
  160  11:17  Overlord x2  
  157  11:26  Roach x6  
  157  11:27  Roach x4  
  127  11:40  Roach x5  
  127  11:41  Roach  
  127  11:44  Roach  
  129  11:50  Roach x3  
  117  12:05  Hive  
  117  12:09  Hydralisk x4  
  117  12:13  Hydralisk  
  127  12:21  Hydralisk x2  
  127  12:22  Hydralisk x8  
  131  12:23  Hydralisk  
  131  12:28  Hydralisk  
  151  12:36  Hydralisk x2  
  155  12:40  Hydralisk  
  157  12:50  Hydralisk x3  
  163  12:51  Hydralisk  
  163  13:03  Hydralisk x4  
  171  13:07  Overseer  
  171  13:08  Overlord  
  171  13:18  Zerg Missile Weapons Level 3  
  171  13:33  Hydralisk x6  
  179  13:39  Roach x2  
  179  13:40  Roach  
  185  13:42  Roach  
  185  13:44  Roach  
  185  13:47  Roach  
  185  13:48  Roach  
  195  14:03  Roach x3  
  195  14:06  Zerg Ground Armor Level 2  
  199  14:17  Overlord  
  199  14:28  Lurker Den  
  199  14:47  Extractor  
  199  14:49  Extractor  
  197  15:39  Nydus Network  
  184  16:06  Hydralisk, Roach  
  184  16:07  Hydralisk x13  
  190  16:16  Roach x2  
  190  16:17  Roach x3  
  186  16:30  Roach  
  186  16:31  Roach x8  
  190  17:08  Lurker x3  
  189  17:09  Lurker x9  
  194  17:15  Hydralisk Den  
  142  17:33  Overlord x7  
  142  17:34  Overlord x3  
  130  17:50  Overlord x3  
  108  18:29  Hydralisk  
  108  18:30  Hydralisk x5  
  115  18:45  Overlord  
  115  18:46  Overlord  
  115  18:56  Hatchery  
  111  19:06  Hatchery  
  106  19:19  Spawning Pool  
  57  20:25  Drone x2  
  57  20:26  Drone  
  47  20:59  Hatchery  
  47  21:01  Drone x3  
  49  21:28  Hatchery  
  45  21:46  Hatchery  
  44  21:48  Hatchery  
  43  22:23  Hatchery  
  42  22:38  Drone  
  42  22:39  Drone x2  
  45  23:03  Drone  
Show
View Real Time Build Order
Export as new Build Order

Brevko Terran - Winner!

Build Orders: MMM Bio 

Get SALT Encoding   

  12  0:02  SCV  
  14  0:14  SCV  
  14  0:20  Supply Depot  
  14  0:26  SCV  
  15  0:42  SCV, Refinery  
  16  0:45  Barracks  
  16  0:54  SCV  
  17  1:06  SCV  
  18  1:18  SCV  
  19  1:29  Supply Depot  
  19  1:31  Orbital Command  
  19  1:32  Barracks  
  19  1:33  Marine  
  20  1:50  Marine  
  21  1:55  Factory  
  21  2:00  SCV  
  22  2:05  Refinery  
  22  2:22  Command Center  
  22  2:25  SCV  
  23  2:32  Supply Depot  
  23  2:39  Marine, Barracks Tech Lab  
  24  2:45  SCV  
  25  2:52  Widow Mine, Starport  
  27  3:07  SCV  
  28  3:17  Marine, Marauder  
  31  3:22  Barracks  
  31  3:32  Stimpack  
  31  3:33  Medivac  
  33  3:35  Marine  
  33  3:37  Factory Tech Lab  
  34  3:43  Supply Depot  
  34  4:01  Siege Tank  
  37  4:10  SCV  
  37  4:14  Orbital Command  
  37  4:40  Barracks Reactor  
  37  4:44  Supply Depot  
  37  4:54  Marauder  
  37  4:55  Marine  
  40  5:05  Starport Reactor  
  35  5:24  Marine x3, Marauder  
  29  5:42  Marine  
  22  5:51  SCV  
  22  5:53  SCV  
  24  6:03  SCV  
  25  6:05  SCV  
  25  6:06  Siege Tank  
  25  6:07  Medivac x2  
  25  6:08  Marine x2, Marauder  
  25  6:09  Barracks Tech Lab  
  37  6:15  SCV  
  37  6:17  SCV  
  39  6:27  SCV, Engineering Bay  
  39  6:30  SCV  
  41  6:33  Engineering Bay  
  41  6:39  SCV  
  42  6:42  SCV  
  45  6:47  Marine x3, Marauder  
  45  6:54  SCV  
  49  6:59  Refinery  
  49  7:02  Refinery  
  49  7:06  SCV  
  50  7:08  Terran Infantry Weapons Level 1  
  50  7:09  Supply Depot  
  50  7:14  Supply Depot  
  50  7:18  SCV  
  51  7:26  Sensor Tower  
  51  7:46  Missile Turret  
  49  7:52  Combat Shields  
  49  8:04  Liberator x2, SCV  
  50  8:12  Marine x2, Marauder x2  
  56  8:16  SCV  
  63  8:28  SCV  
  63  8:29  Supply Depot  
  63  8:30  Marine x2, Terran Infantry Armor Level 1  
  66  8:36  Armory  
  66  8:40  SCV  
  67  8:51  Missile Turret  
  67  8:52  Marine x2, SCV, Marauder x2  
  74  8:55  Supply Depot  
  72  9:27  Medivac x2  
  55  9:53  Marine, Marauder  
  55  9:54  Marine, Marauder  
  61  10:19  Marine x2, Marauder x2  
  67  10:31  Barracks  
  67  10:32  Terran Vehicle Weapons Level 1  
  67  10:33  Terran Infantry Armor Level 2, Terran Infantry Weapons Level 2  
  67  10:36  Supply Depot  
  67  10:37  Concussive Shells  
  67  10:38  Factory  
  67  10:39  Marine x2  
  67  10:40  Marauder x2  
  73  10:56  Marine  
  73  10:57  Marine  
  75  11:11  Liberator x2  
  63  11:48  Marauder x2  
  63  11:53  Barracks Reactor  
  63  11:54  Factory Tech Lab  
  61  11:57  SCV x2  
  61  11:58  Supply Depot  
  61  11:59  Barracks  
  63  12:09  SCV x2  
  65  12:21  SCV  
  66  12:27  Marine x2, Marauder x2  
  66  12:29  Marine  
  73  12:30  Marine  
  73  12:36  Command Center  
  74  12:40  Thor  
  80  12:45  Marine x2  
  80  12:47  Marine x2, Thor  
  80  12:48  Marauder  
  80  12:49  Marauder  
  92  12:59  Barracks Reactor  
  92  13:01  SCV x2, Supply Depot  
  94  13:10  Marauder  
  94  13:11  Supply Depot  
  96  13:13  SCV  
  97  13:38  Marine x4, Marauder x2  
  105  13:59  Planetary Fortress  
  105  14:25  Terran Infantry Weapons Level 3  
  105  14:26  Terran Vehicle Weapons Level 2, Terran Infantry Armor Level 3  
  105  14:46  Liberator x2  
  105  14:55  Marine x5, Marauder x2  
  105  14:56  Marine  
  115  15:05  Supply Depot x2  
  121  15:07  Refinery x2  
  121  15:21  Supply Depot  
  121  15:28  Marine x3, Marauder x2  
  125  15:29  Marine x3  
  125  15:32  Thor x2  
  99  18:45  Orbital Command  
  99  18:53  Barracks Reactor  
  99  18:57  Barracks Reactor  
  99  19:37  Supply Depot  
  99  19:39  Supply Depot  
  99  19:42  Supply Depot  
  99  19:43  Supply Depot  
  99  19:44  Supply Depot  
  97  20:08  Barracks Tech Lab  
  95  20:56  Command Center  
  93  22:10  Command Center  
  93  22:29  Command Center  
  93  23:06  Command Center  
Show
View Real Time Build Order
Export as new Build Order

Sigi Protoss - Winner!

Build Orders:  

Get SALT Encoding   

  12  0:02  Probe (Chrono Boost)  
  13  0:15  Probe (Chrono Boost)  
  14  0:27  Probe (Chrono Boost)  
  15  0:28  Pylon  
  15  0:35  Assimilator  
  15  0:47  Probe (Chrono Boost)  
  16  0:52  Gateway  
  16  0:57  Assimilator  
  16  0:58  Probe (Chrono Boost)  
  17  1:10  Probe (Chrono Boost)  
  18  1:21  Probe (Chrono Boost)  
  19  1:31  Probe (Chrono Boost)  
  20  1:42  Probe (Chrono Boost)  
  20  1:43  Cybernetics Core  
  20  1:47  Pylon  
  21  1:52  Probe (Chrono Boost)  
  22  2:03  Probe (Chrono Boost)  
  23  2:09  Nexus  
  23  2:20  Warp Gate  
  23  2:24  Gateway  
  23  2:30  Stalker  
  25  2:45  Mothership Core (Chrono Boost)  
  27  3:00  Gateway  
  27  3:04  Probe (Chrono Boost)  
  27  3:05  Stalker  
  30  3:14  Probe (Chrono Boost)  
  31  3:21  Stalker  
  31  3:22  Pylon  
  31  3:25  Probe (Chrono Boost)  
  34  3:34  Probe (Chrono Boost)  
  34  3:35  Probe (Chrono Boost)  
  36  3:45  Gateway, Probe (Chrono Boost)  
  36  3:46  Probe (Chrono Boost)  
  38  3:50  Stalker  
  41  3:55  Probe (Chrono Boost)  
  35  4:47  Probe x2 (Chrono Boost)  
  37  4:58  Probe x2 (Chrono Boost)  
  39  5:00  Pylon  
  39  5:02  Pylon  
  39  5:05  Pylon  
  39  5:08  Probe x2 (Chrono Boost)  
  39  5:09  Assimilator  
  39  5:14  Assimilator, Gateway  
  41  5:15  Gateway  
  41  5:19  Probe x2 (Chrono Boost)  
  43  5:28  Stalker x2  
  45  5:29  Probe (Chrono Boost), Stalker x2  
  45  5:30  Probe (Chrono Boost)  
  45  6:15  Gateway  
  45  6:17  Gateway  
  45  6:20  Twilight Council  
  45  6:24  Pylon  
  45  6:25  Pylon  
  45  6:26  Pylon  
  45  6:28  Pylon  
  45  6:29  Pylon  
  45  6:31  Stalker  
  45  6:32  Stalker x2  
  51  6:33  Stalker  
  51  6:35  Stalker x2  
  57  7:01  Probe (Chrono Boost)  
  58  7:12  Probe (Chrono Boost), Stalker x2  
  58  7:13  Stalker  
  58  7:14  Stalker x2  
  58  7:15  Stalker  
  72  7:22  Probe (Chrono Boost)  
  72  7:33  Probe (Chrono Boost)  
  73  7:44  Probe (Chrono Boost)  
  74  8:45  Blink (Chrono Boost)  
  74  8:53  Stalker x3  
  74  8:54  Stalker x3  
  74  8:55  Stalker x2  
  42  9:56  Stalker x3  
  42  9:57  Stalker x3  
  42  9:58  Stalker  
  42  9:59  Stalker  
  56  10:16  Forge  
  56  10:24  Stalker x3  
  56  10:25  Stalker  
  56  10:26  Stalker x2  
  56  10:27  Stalker x2  
  64  11:32  Stalker x3  
  56  11:33  Stalker x3  
  56  11:34  Stalker x2  
  60  12:28  Stalker  
  60  12:29  Stalker x3  
  68  12:30  Stalker  
  68  12:31  Stalker x2  
  68  12:32  Stalker  
  68  12:36  Protoss Ground Weapons Level 1  
  70  13:14  Stalker  
  70  13:15  Stalker x3  
  70  13:16  Stalker  
  70  13:17  Stalker x2  
  70  13:18  Stalker  
  86  13:46  Stalker x3  
  86  13:47  Stalker x2  
  86  13:48  Stalker x3  
  80  14:11  Nexus  
  76  14:30  Protoss Ground Weapons Level 2 (Chrono Boost)  
  76  14:38  Stalker x2  
  78  14:39  Stalker x3  
  78  14:40  Stalker x3  
  92  14:47  Assimilator  
  92  14:53  Assimilator  
  81  15:36  Stalker  
  81  15:37  Stalker x3  
  81  15:38  Stalker x2  
  81  15:39  Stalker x2  
Tags
 
Add a new tag
Caveats
  • Supply blocks, unpowered buildings, or Contaminate may cause inaccurate times.
  • Supply counts are checked every 10 seconds.